Workbook
Name choix: OFFSET(DATA!$C$2,,,COUNTIF(DATA!$C:$C,">""")-1)
Name Company: OFFSET(DATA!$J$2,0,0,COUNTA(DATA!$J:$J)-1)
Name Expense_level_1: OFFSET(DATA!$A$2,,,COUNTA(DATA!$B:$B)-1)
Name Expense_level_2: OFFSET(DATA!$A$1,MATCH(Expenses!$F1,Expense_level_1,0),1,COUNTIF(Expense_level_1,Expenses!$F$5))
Name Payment: DATA!$H$2:$H$4
Name Quarter: DATA!$G$2:$G$5

Sheet Expenses
A3: Quarter | B3: Date | C3: Company | D3: Country | E3: Payment | F3: Expenses level 1 | G3: Expense Level 2 | H3: VAT 19% | I3: 0.19 | J3: VAT 6% | K3: 0.06 | L3: VAT 0% | M3: Total € excl. VAT | N3: Total € incl. VAT
H4: Net price € | I4: VAT € | J4: Net price € | K4: VAT € | L4: Net price
A5: 1 | B5: 40974 | C5: Media Markt | D5: =IF(C5="","",VLOOKUP(C5,DATA!$J$2:$K$77,2)) -> Netherlands | E5: Bank Card | F5: Auto expenses | G5: Rental vehicles | H5: 1000 | I5: =H5-(H5-H5*$I$3) -> 190 | J5: 1000 | K5: =J5-(J5-J5*$K$3) -> 60 | L5: 100 | M5: =H5+J5+L5 -> 2100 | N5: =H5+I5+J5+K5+L5 -> 2350
A6: 1 | B6: 40992 | C6: Gros | D6: =IF(C6="","",VLOOKUP(C6,DATA!$J$2:$K$77,2)) -> Netherlands | E6: Cash | F6: Business costs | G6: Several staff costs | H6: 200 | I6: =H6-(H6-H6*$I$3) -> 38 | K6: =J6-(J6-J6*$K$3) -> 0 | M6: =H6+J6+L6 -> 200 | N6: =H6+I6+J6+K6+L6 -> 238
A7: 1 | B7: 40973 | C7: Gamma | D7: =IF(C7="","",VLOOKUP(C7,DATA!$J$2:$K$77,2)) -> Netherlands | E7: Bank Card | F7: Overhead | G7: Notary fees | H7: 10 | I7: =H7-(H7-H7*$I$3) -> 1.9 | K7: =J7-(J7-J7*$K$3) -> 0 | M7: =H7+J7+L7 -> 10 | N7: =H7+I7+J7+K7+L7 -> 11.9
A8: 1 | B8: 40971 | C8: Hotel Talens | D8: =IF(C8="","",VLOOKUP(C8,DATA!$J$2:$K$77,2)) -> Netherlands | E8: Bank Card | F8: Housing costs | G8: Service costs | I8: =H8-(H8-H8*$I$3) -> 0 | J8: 78 | K8: =J8-(J8-J8*$K$3) -> 4.68 | M8: =H8+J8+L8 -> 78 | N8: =H8+I8+J8+K8+L8 -> 82.68
A9: 1 | B9: 40982 | C9: Grand | D9: =IF(C9="","",VLOOKUP(C9,DATA!$J$2:$K$77,2)) -> Netherlands | E9: Cash | F9: Interest costs | G9: Mortgage interest paid | I9: =H9-(H9-H9*$I$3) -> 0 | J9: 34 | K9: =J9-(J9-J9*$K$3) -> 2.04 | M9: =H9+J9+L9 -> 34 | N9: =H9+I9+J9+K9+L9 -> 36.04
A10: 1 | B10: 40984 | C10: Gamma | D10: =IF(C10="","",VLOOKUP(C10,DATA!$J$2:$K$77,2)) -> Netherlands | E10: Bank Card | F10: Investments | G10: Office inventory | I10: =H10-(H10-H10*$I$3) -> 0 | J10: 56 | K10: =J10-(J10-J10*$K$3) -> 3.36 | M10: =H10+J10+L10 -> 56 | N10: =H10+I10+J10+K10+L10 -> 59.36
A11: 1 | B11: 40979 | C11: Petit | D11: =IF(C11="","",VLOOKUP(C11,DATA!$J$2:$K$77,2)) -> Netherlands | E11: Cash | F11: Office costs | G11: Office Supplies | I11: =H11-(H11-H11*$I$3) -> 0 | J11: 23 | K11: =J11-(J11-J11*$K$3) -> 1.38 | M11: =H11+J11+L11 -> 23 | N11: =H11+I11+J11+K11+L11 -> 24.38
A12: 1 | B12: 40980 | C12: Grand | D12: =IF(C12="","",VLOOKUP(C12,DATA!$J$2:$K$77,2)) -> Netherlands | E12: Bank Card | F12: Sales costs | G12: Miscellaneous sales costs | H12: 300 | I12: =H12-(H12-H12*$I$3) -> 57 | K12: =J12-(J12-J12*$K$3) -> 0 | M12: =H12+J12+L12 -> 300 | N12: =H12+I12+J12+K12+L12 -> 357
A13: 1 | B13: 40987 | C13: Gamma | D13: =IF(C13="","",VLOOKUP(C13,DATA!$J$2:$K$77,2)) -> Netherlands | E13: Bank Card | F13: Procurement | G13: Fees paid to intermediaries | I13: =H13-(H13-H13*$I$3) -> 0 | K13: =J13-(J13-J13*$K$3) -> 0 | M13: =H13+J13+L13 -> 0 | N13: =H13+I13+J13+K13+L13 -> 0
A14: 1 | B14: 40979 | C14: Media Markt | D14: =IF(C14="","",VLOOKUP(C14,DATA!$J$2:$K$77,2)) -> Netherlands | E14: Bank Card | I14: =H14-(H14-H14*$I$3) -> 0 | K14: =J14-(J14-J14*$K$3) -> 0 | M14: =H14+J14+L14 -> 0 | N14: =H14+I14+J14+K14+L14 -> 0
A15: 1 | B15: 40981 | C15: Grand | D15: =IF(C15="","",VLOOKUP(C15,DATA!$J$2:$K$77,2)) -> Netherlands | E15: Bank Card | I15: =H15-(H15-H15*$I$3) -> 0 | K15: =J15-(J15-J15*$K$3) -> 0 | M15: =H15+J15+L15 -> 0 | N15: =H15+I15+J15+K15+L15 -> 0
D16: =IF(C16="","",VLOOKUP(C16,DATA!$J$2:$K$77,2)) | I16: =H16-(H16-H16*$I$3) -> 0 | K16: =J16-(J16-J16*$K$3) -> 0 | M16: =H16+J16+L16 -> 0 | N16: =H16+I16+J16+K16+L16 -> 0
D17: =IF(C17="","",VLOOKUP(C17,DATA!$J$2:$K$77,2)) | I17: =H17-(H17-H17*$I$3) -> 0 | K17: =J17-(J17-J17*$K$3) -> 0 | M17: =H17+J17+L17 -> 0 | N17: =H17+I17+J17+K17+L17 -> 0
D18: =IF(C18="","",VLOOKUP(C18,DATA!$J$2:$K$77,2)) | I18: =H18-(H18-H18*$I$3) -> 0 | K18: =J18-(J18-J18*$K$3) -> 0 | M18: =H18+J18+L18 -> 0 | N18: =H18+I18+J18+K18+L18 -> 0
D19: =IF(C19="","",VLOOKUP(C19,DATA!$J$2:$K$77,2)) | I19: =H19-(H19-H19*$I$3) -> 0 | K19: =J19-(J19-J19*$K$3) -> 0 | M19: =H19+J19+L19 -> 0 | N19: =H19+I19+J19+K19+L19 -> 0
D20: =IF(C20="","",VLOOKUP(C20,DATA!$J$2:$K$77,2)) | I20: =H20-(H20-H20*$I$3) -> 0 | K20: =J20-(J20-J20*$K$3) -> 0 | M20: =H20+J20+L20 -> 0 | N20: =H20+I20+J20+K20+L20 -> 0
D21: =IF(C21="","",VLOOKUP(C21,DATA!$J$2:$K$77,2)) | I21: =H21-(H21-H21*$I$3) -> 0 | K21: =J21-(J21-J21*$K$3) -> 0 | M21: =H21+J21+L21 -> 0 | N21: =H21+I21+J21+K21+L21 -> 0
D22: =IF(C22="","",VLOOKUP(C22,DATA!$J$2:$K$77,2)) | I22: =H22-(H22-H22*$I$3) -> 0 | K22: =J22-(J22-J22*$K$3) -> 0 | M22: =H22+J22+L22 -> 0 | N22: =H22+I22+J22+K22+L22 -> 0
D23: =IF(C23="","",VLOOKUP(C23,DATA!$J$2:$K$77,2)) | I23: =H23-(H23-H23*$I$3) -> 0 | K23: =J23-(J23-J23*$K$3) -> 0 | M23: =H23+J23+L23 -> 0 | N23: =H23+I23+J23+K23+L23 -> 0
D24: =IF(C24="","",VLOOKUP(C24,DATA!$J$2:$K$77,2)) | I24: =H24-(H24-H24*$I$3) -> 0 | K24: =J24-(J24-J24*$K$3) -> 0 | M24: =H24+J24+L24 -> 0 | N24: =H24+I24+J24+K24+L24 -> 0
D25: =IF(C25="","",VLOOKUP(C25,DATA!$J$2:$K$77,2)) | I25: =H25-(H25-H25*$I$3) -> 0 | K25: =J25-(J25-J25*$K$3) -> 0 | M25: =H25+J25+L25 -> 0 | N25: =H25+I25+J25+K25+L25 -> 0
D26: =IF(C26="","",VLOOKUP(C26,DATA!$J$2:$K$77,2)) | I26: =H26-(H26-H26*$I$3) -> 0 | K26: =J26-(J26-J26*$K$3) -> 0 | M26: =H26+J26+L26 -> 0 | N26: =H26+I26+J26+K26+L26 -> 0
D27: =IF(C27="","",VLOOKUP(C27,DATA!$J$2:$K$77,2)) | I27: =H27-(H27-H27*$I$3) -> 0 | K27: =J27-(J27-J27*$K$3) -> 0 | M27: =H27+J27+L27 -> 0 | N27: =H27+I27+J27+K27+L27 -> 0
... D600: =IF(C600="","",VLOOKUP(C600,DATA!$J$2:$K$77,2)) | I600: =H600-(H600-H600*$I$3) -> 0 | K600: =J600-(J600-J600*$K$3) -> 0 | M600: =H600+J600+L600 -> 0 | N600: =H600+I600+J600+K600+L600 -> 0

Sheet RESULTS Q1
A2: Quarter | B2: (Tous)
A4: Étiquettes de lignes | B4: Somme de Total € excl. VAT | C4: Somme de Total € incl. VAT
A5: Auto expenses | B5: 200 | C5: 238
A6: (vide) | B6: 200 | C6: 238
A7: Business costs for personnel | B7: 0 | C7: 0
A8: (vide) | B8: 0 | C8: 0
A9: General costs | B9: 10 | C9: 11.9
A10: (vide) | B10: 10 | C10: 11.9
A11: Housing costs | B11: 78 | C11: 82.68
A12: (vide) | B12: 78 | C12: 82.68
A13: interest / financial costs | B13: 34 | C13: 36.04
A14: (vide) | B14: 34 | C14: 36.04
A15: Office costs | B15: 56 | C15: 59.36
A16: (vide) | B16: 56 | C16: 59.36
... A23: Total général | B23: 2801 | C23: 3159.36

Sheet DATA
A1: Expense_level_1 | B1: Expense_level_2 | C1: choix | G1: Quarter | H1: Payment | J1: Company | K1: Country | L1: Expense level 1 | M1: Expenses level 2
A2: Auto expenses | B2: Fuel transport | C2: Auto expenses | G2: 1 | H2: Cash | J2: Media Markt | K2: Netherlands | L2: Investment
A3: Auto expenses | B3: Insurance transport | C3: Business costs | G3: 2 | H3: Bank Card | J3: Gamma | K3: Netherlands
A4: Auto expenses | B4: Maintenance and repair vehicles | C4: Overhead | G4: 3 | J4: Hotel Talens | K4: Netherlands | L4: business cost for personnel | M4: Business travel costs
A5: Auto expenses | B5: Various costs of transport | C5: Housing costs | G5: 4 | J5: Petit | K5: Netherlands
A6: Auto expenses | B6: Motor vehicle tax | C6: Interest costs | J6: Grand | K6: Netherlands
A7: Auto expenses | B7: Parking costs | C7: Investments | J7: Gros | K7: Netherlands
A8: Auto expenses | B8: Rental vehicles | C8: Office costs | K8: Netherlands
A9: Business costs | B9: Canteen Expenses | C9: Sales costs | K9: Netherlands
A10: Business costs | B10: Corporate clothes | C10: Procurement | K10: Netherlands
A11: Business costs | B11: Courses / Trainings | K11: Netherlands
A12: Business costs | B12: Food / pleasure personnel | K12: Netherlands
A13: Business costs | B13: Interim agency costs | K13: Netherlands
A14: Business costs | B14: Occupational health service costs | K14: Netherlands
A15: Business costs | B15: Several staff costs | K15: Netherlands
A16: Business costs | B16: Sickness insurance costs | K16: Netherlands
A17: Business costs | B17: Travel costs from home - work | K17: Netherlands
A18: Business costs | B18: Business travel costs | K18: Netherlands
A19: Overhead | B19: Accountant fees | K19: Netherlands
A20: Overhead | B20: Advisor Fees | K20: Netherlands
A21: Overhead | B21: Coût création d’entreprise
A22: Overhead | B22: fines and administrative increases
A23: Overhead | B23: Legal costs/ Legal Assistance
A24: Overhead | B24: Legal insurance costs
A25: Overhead | B25: Notary fees
A26: Overhead | B26: Tax reassessment
A27: Overhead | B27: Various business insurances
A28: Housing costs | B28: cleaning costs
A29: Housing costs | B29: Energy (Gas / Electric)
A30: Housing costs | B30: Maintenance and repair buildings
A31: Housing costs | B31: Property insurance
A32: Housing costs | B32: Property taxes
... A79: Procurement | B79: Fees paid to intermediaries
